 Dungeon Crawl Stone Soup version 0.30-a0-371-gad7725a93e (webtiles) character file.

Game seed: 5699646924622009446

126 Shayle the Trooper (level 5, -2/50 HPs)
             Began as a Naga Reaver on Nov 21, 2022.
             Slain by an ogre
             ... wielding a +0 giant club
              (14 damage)
             ... on level 4 of the Dungeon.
             The game lasted 00:06:52 (3060 turns).

Shayle the Trooper (Naga Reaver)                    Turns: 3060, Time: 00:06:52

Health: -2/50      AC:  6    Str: 20    XL:     5   Next: 9%
Magic:  8/8        EV:  8    Int: 15    God:
Gold:   138        SH:  0    Dex: 10    Spells: 4/8 levels left

rFire   + . .      SeeInvis +    u - +7 spear of Mareid {holy, *Noise Str+6}
rCold   . . .      Faith    .    (no shield)
rNeg    . . .      Spirit   .    p - +2 scale mail {rF+}
rPois   +          Reflect  .    (no helmet)
rElec   .          Harm     .    (no cloak)
rCorr   .          Rampage  .    (no gloves)
Will    .....                    (no barding)
Stlth   ..........               (no amulet)
HPRegen 0.28/turn                (no ring)
MPRegen 0.11/turn                (no ring)

@: short of breath, very slow
A: AC +1, large, see invisible, deformed body, poison resistance, slowness 2,
spit poison 1, naga tail 1
a: Spit Poison


You were on level 4 of the Dungeon.
You visited 1 branch of the dungeon, and saw 4 of its levels.

You collected 138 gold pieces.

Inventory:

Hand Weapons
 a - a +0 hand axe
 h - a +0 whip of venom
 m - a +3 dagger of pain
 u - the +7 spear of Mareid (weapon) {holy, *Noise Str+6}
   (You found it on level 2 of the Dungeon)

   It has been blessed by the Shining One to cause great damage to the undead
   and demons.
   Str:       It affects your strength (+6).
   *Noise:    It may make noises in combat.
Armour
 b - a +0 leather armour
 e - an orb of guile
 p - a +2 scale mail of fire resistance (worn)
Jewellery
 n - a ring of fire
 y - a ring of resist corrosion
Wands
 w - a wand of flame (16)
 x - a wand of iceblast (7)
Scrolls
 d - 3 scrolls of teleportation
 j - a scroll of vulnerability
Potions
 f - 4 potions of mutation
 g - 2 potions of magic {unknown}
 i - a potion of might {unknown}
 k - 2 potions of curing
 o - a potion of invisibility {unknown}
 s - 2 potions of haste {unknown}


   Skills:
 + Level 3.8 Fighting
 - Level 3.0 Axes
 + Level 3.1 Dodging
 - Level 2.0 Spellcasting
 - Level 3.0 Conjurations


You had 4 spell levels left.
You knew the following spells:

 Your Spells              Type           Power      Damage    Failure   Level
a - Kiss of Death         Conj/Necr      24%        2d7       34%         1
b - Hailstorm             Conj/Ice       6%         3d4       71%         3

Your spell library contained the following spells:

 Spells                   Type           Power      Damage    Failure   Level
 Momentum Strike          Conj/Tloc      12%        3d8       47%         2
 Sublimation of Blood     Necr           1%         N/A       69%         2
 Wereblood                Tmut           1%         N/A       69%         2
 Gell's Gravitas          Tloc           1%         N/A       89%         3
 Teleport Other           Tloc           1%         N/A       89%         3
 Dispersal                Tloc           0%         N/A       100%        6
 Summon Hydra             Summ           0%         N/A       100%        7


Dungeon Overview and Level Annotations

Branches:
Dungeon (4/15)
 Temple: D:4-7

Altars:


Innate Abilities, Weirdness & Mutations

Your serpentine skin is tough. (AC +1)
You have supernaturally acute eyesight. (SInv)
Armour fits poorly on your strangely shaped body.
Your system is resistant to poisons. (rPois)
You cover ground very slowly.
You can spit poison.
You have a snake-like lower body.


Message History

Things that are here:
a +0 dagger; 5 stones
There is a stone staircase leading down here.
You climb downwards.
There is a stone staircase leading up here.
You open the door.
Found 4 stones.
There is an open door here.
You open the door.
There is an open door here.
Found a stone staircase leading down.
An ogre comes into view. It is wielding a +0 giant club.
The ogre shouts!
A hound comes into view.
The hound barks!
Casting: Kiss of Death (safe; 34% risk of failure)
Confirm with . or Enter, or press ? or * to list all spells.
The spell is quite dangerous to miscast (71% risk of failure)!
Continue anyway?
Okay, then.
Aiming: Spit Poison (1% risk of failure)
Press: ? - help, Shift-Dir - straight line, f - ogre
Aim: an ogre, wielding a +0 giant club (81% to hit)
The splash of poison hits the ogre!
The ogre is moderately wounded.
Unknown command.
You puncture the ogre!
The ogre is severely wounded.
The ogre hits you with a +0 giant club!!
Unknown command.
You hit the ogre.
The ogre is severely wounded.
The hound bites you. The hound bites you but does no damage.
The ogre hits you with a +0 giant club!!
* * * LOW HITPOINT WARNING * * *
Unknown command.
You feel better. The hound bites you but does no damage.
You hit the ogre.
The ogre is almost dead.
The hound bites you but does no damage. The ogre hits you with a +0 giant club!
You die...

#.......## #
#.........####...#
+.........'.......
#.........####...#
##.......######.##
##.....#........
##...##.######.
##+###.## #..O@..#
#......h..#
..........#
#.........#
##.........
#...>.....#
...#.......#
####........


You could see an ogre and a hound.

Vanquished Creatures
  Ijyb (D:3)
  3 adders
  A worm (D:1)
  2 dart slugs
  3 orcs
  4 ball pythons
  4 endoplasms
  2 giant cockroaches
  3 hobgoblins
  6 jackals
  3 quokkas
  3 bats
  A frilled lizard (D:2)
  12 goblins
  7 kobolds
  3 rats
58 creatures vanquished.

Notes
Turn   | Place    | Note
-------+----------+-------------------------------------------
     0 | D:1      | Shayle the Naga Reaver began the quest for the Orb.
     0 | D:1      | Reached XP level 1. HP: 19/19 MP: 3/3
     1 | D:1      | You fall into a shaft and drop 1 floor!
    11 | D:2      | Reached XP level 2. HP: 7/26 MP: 3/5
   870 | D:1      | Reached XP level 3. HP: 33/33 MP: 6/6
   874 | D:1      | Learned a level 3 spell: Hailstorm
  1516 | D:2      | Identified the +7 spear of Mareid {holy, *Noise Str+6}
  1733 | D:2      | Reached XP level 4. HP: 42/42 MP: 7/7
  2501 | D:3      | Noticed Ijyb
  2514 | D:3      | Killed Ijyb
  2516 | D:3      | Reached XP level 5. HP: 23/50 MP: 8/8
  3053 | D:4      | Noticed an ogre
  3060 | D:4      | Slain by an ogre

Illustrated notes

Levels and vault maps discovered:
D:1:      minmay_arrival_stair_chambers, layout_basic
D:2:      layout_basic, serial_bayou, serial_bayou_pond_e, serial_bayou_pond_a,
          serial_bayou_pond_d, serial_bayou_crossing, serial_park_tiny_1
D:3:      kennysheep_goblin_castle, layout_loops_cross, kennysheep_another_room,
          minmay_misc_feat_nine_boxes
D:4:      layout_loops_corners

Skill      XL: |  1  2  3  4 |
---------------+-------------+-----
Dodging        | 2 3 |  3.1
Fighting       | 3 |  3.8
Axes           | |  3.0
Spellcasting   | |  2.0
Conjurations   | |  3.0

Action                   |  1- 3 |  4- 6 || total
-------------------------+-------+-------++-------
Melee: Hand axe          |    15 |       ||    15
       Whip              |    36 |       ||    36
       Spear             |    14 |    76 ||    90
       Punch             |     2 |     1 ||     3
 Cast: Kiss of Death     |     1 |       ||     1
 Abil: Spit Poison       |    16 |     5 ||    21
  Use: Potion            |     1 |     1 ||     2
       Scroll            |       |    10 ||    10
Armor: Leather armour    |     7 |       ||     7
       Scale mail        |    10 |    80 ||    90
Dodge: Dodged            |    26 |    51 ||    77

Table legend: (Time is in decaauts)
 A = Elapsed time spent in this place.
 B = Non-inter-level travel time spent in this place.
 C = Inter-level travel time spent in this place.
 D = Time resting spent in this place.
 E = Time spent auto-exploring this place.
 F = Levels seen in this place.
 G = Mean time per level.
                   A        B        C        D        E       F      G
               +--------+--------+--------+--------+--------+-----+--------+
         Total |   4042 |   3847 |    195 |    191 |   3011 |   4 | 1010.5 |
       Dungeon |   4042 |   3847 |    195 |    191 |   3011 |   4 | 1010.5 |
               +--------+--------+--------+--------+--------+-----+--------+

Top non-repeatable levels by time:
     D:1: 1501 daAuts
     D:3: 1273 daAuts
     D:2: 1198 daAuts
     D:4: 69 daAuts
